Map: Acropolis LE

Players

MaNa

  • Race: Protoss Protoss
  • Spawn Location: 5:00

HeRoMaRinE - Winner!

  • Race: Terran Terran
  • Spawn Location: 11:00

VOD

Have the link to the VOD?

Description

Time

  • Played on: Sept. 6, 2019, 7:20 p.m.
  • Length: 12:13
Show
View Real Time Build Order
Export as new Build Order

MaNa Protoss 

Build Orders: 1 Gate Expand, Oracle Opening 

Get SALT Encoding   

  12  0:00  Probe  
  13  0:12  Probe  
  14  0:19  Pylon  
  14  0:24  Probe  
  15  0:33  Probe  
  15  0:39  Gateway  
  15  0:41  Probe  
  16  0:48  Assimilator  
  17  0:51  Probe  
  18  1:03  Probe  
  19  1:15  Probe  
  20  1:23  Nexus  
  20  1:33  Cybernetics Core  
  20  1:36  Probe  
  21  1:44  Assimilator  
  21  1:48  Probe  
  21  1:53  Pylon  
  22  2:00  Probe  
  23  2:02  Adept  
  23  2:13  Probe  
  26  2:22  Stargate, Adept  
  26  2:25  Probe  
  27  2:33  Warp Gate  
  27  2:36  Probe  
  30  2:37  Probe  
  31  2:48  Probe  
  31  2:49  Probe  
  33  2:56  Oracle  
  33  3:00  Probe  
  33  3:01  Probe  
  35  3:12  Probe  
  39  3:13  Probe  
  40  3:24  Pylon, Probe  
  40  3:25  Probe  
  42  3:27  Assimilator  
  42  3:29  Oracle  
  45  3:34  Pylon  
  45  3:36  Probe  
  46  3:42  Probe  
  47  3:48  Probe  
  47  3:54  Probe  
  47  3:55  Nexus  
  49  4:00  Oracle, Probe  
  50  4:06  Probe  
  54  4:12  Probe  
  54  4:14  Gateway x2  
  55  4:18  Probe  
  55  4:21  Twilight Council  
  55  4:22  Sentry  
  58  4:26  Assimilator  
  59  4:31  Probe  
  59  4:32  Forge, Probe  
  60  4:39  Pylon  
  60  4:43  Probe  
  60  4:44  Probe  
  60  4:45  Pylon  
  62  4:56  Pylon  
  62  4:57  Probe x2  
  62  4:59  Blink  
  64  5:10  Protoss Ground Weapons Level 1  
  64  5:11  Probe x2  
  66  5:20  Stalker x3  
  64  5:23  Probe  
  64  5:24  Probe  
  66  5:30  Forge, Probe  
  66  5:32  Probe x2  
  67  5:40  Oracle, Probe  
  67  5:42  Protoss Ground Armor Level 1, Probe  
  73  5:44  Assimilator  
  73  5:45  Pylon  
  73  5:46  Assimilator  
  73  5:49  Probe  
  74  5:50  Probe  
  74  5:54  Sentry  
  78  5:58  Pylon  
  78  5:59  Probe  
  79  6:10  Stalker x2  
  83  6:17  Phoenix  
  84  6:20  Probe x2  
  86  6:28  Gateway x2  
  86  6:30  Gateway x2  
  86  6:34  Templar Archives, Probe x3  
  89  6:46  Probe  
  90  6:58  Robotics Facility  
  90  6:59  Gateway  
  90  7:01  Gateway  
  90  7:02  Probe x2  
  92  7:12  High Templar x3, Nexus  
  98  7:15  Charge  
  98  7:24  Protoss Ground Weapons Level 2  
  98  7:26  Pylon  
  98  7:31  Zealot x4  
  98  7:33  Probe x2  
  98  7:36  Warp Prism  
  106  7:47  High Templar x3  
  106  7:49  Psionic Storm  
  114  7:55  Zealot, Stalker  
  114  7:56  Zealot  
  114  7:57  Stalker  
  114  7:58  Stalker  
  117  8:01  Zealot  
  115  8:19  Pylon x2  
  115  8:29  Zealot x4  
  109  8:48  Pylon  
  109  8:51  Zealot, High Templar x4  
  109  8:52  Probe, Zealot x4  
  109  8:53  Probe x2  
  128  8:57  Pylon  
  128  9:01  Probe  
  129  9:05  Probe x2  
  131  9:12  Stalker x2  
  131  9:13  Stalker  
  137  9:17  Stalker  
  124  9:36  Warp Prism  
  126  9:40  Robotics Facility  
  126  9:41  Stalker  
  126  9:42  Stalker x2  
  126  9:43  Robotics Bay  
  132  9:46  Nexus  
  132  10:15  Pylon  
  132  10:17  Pylon  
  132  10:18  Pylon  
  130  10:22  Immortal  
  126  10:28  Immortal  
  126  10:29  Zealot x3  
  126  10:30  Zealot  
  128  10:44  Archon x2  
  124  10:50  Zealot x5  
  124  10:51  Zealot x4  
  120  10:57  Probe  
  120  11:01  Immortal  
  91  11:12  Zealot  
  91  11:13  Zealot x6  
  91  11:16  Stalker  
  89  11:25  Stalker  
  81  11:33  High Templar x7  
  81  11:37  Archon x3  
  81  11:39  Zealot  
  91  11:51  Stalker  
  93  11:57  Zealot  
  93  11:58  Zealot x3  
  101  12:03  Stalker  
Show
View Real Time Build Order
Export as new Build Order

HeRoMaRinE Terran - Winner!

Build Orders: Reaper Expand 

Get SALT Encoding   

  12  0:01  SCV  
  13  0:13  SCV  
  14  0:17  Supply Depot  
  14  0:25  SCV  
  15  0:39  Barracks, SCV  
  16  0:44  Refinery  
  16  0:51  SCV  
  17  1:03  SCV  
  18  1:15  SCV  
  19  1:27  Orbital Command  
  19  1:28  Reaper  
  20  1:39  Command Center  
  20  1:50  Bunker  
  20  1:53  SCV  
  21  2:00  Marine  
  22  2:05  SCV  
  23  2:09  Supply Depot  
  23  2:13  Factory  
  23  2:21  Refinery  
  23  2:23  Barracks Reactor  
  23  2:31  SCV  
  24  2:43  SCV  
  25  2:51  Orbital Command  
  25  2:55  SCV  
  25  2:57  Widow Mine  
  28  2:58  Starport  
  28  3:00  Marine x2  
  30  3:07  SCV  
  31  3:17  SCV  
  31  3:18  Widow Mine, Marine x2  
  31  3:19  SCV  
  37  3:27  Supply Depot  
  37  3:30  SCV  
  37  3:31  SCV  
  39  3:35  Marine  
  39  3:36  Marine  
  39  3:39  Medivac  
  43  3:42  SCV  
  43  3:43  SCV  
  45  3:52  Factory Tech Lab  
  45  3:54  SCV  
  46  3:55  SCV  
  46  4:02  Command Center  
  47  4:06  SCV, Marine x2  
  47  4:08  SCV  
  51  4:10  Supply Depot  
  51  4:18  SCV, Factory Tech Lab  
  51  4:19  Raven  
  54  4:31  Refinery, SCV x2  
  54  4:36  Siege Tank  
  61  4:43  SCV  
  62  4:46  Barracks  
  62  4:47  Supply Depot, SCV  
  61  4:54  Barracks  
  61  4:55  SCV  
  62  5:05  SCV, Marine  
  62  5:06  Marine  
  61  5:08  SCV  
  55  5:14  Siege Tank  
  55  5:18  SCV  
  55  5:20  SCV  
  60  5:23  Orbital Command  
  60  5:28  Marine x2  
  57  5:30  SCV  
  57  5:32  Engineering Bay, SCV  
  57  5:33  Engineering Bay  
  61  5:41  Stimpack  
  61  5:42  Marine, SCV  
  62  5:44  SCV  
  62  5:46  Marine x2  
  62  5:48  SCV, Starport Reactor  
  67  5:52  Factory Reactor  
  67  5:54  SCV  
  67  5:55  Marine  
  67  5:56  SCV  
  70  6:00  Refinery, Marine  
  70  6:01  SCV  
  70  6:02  Terran Infantry Armor Level 1, Terran Infantry Weapons Level 1  
  70  6:04  Marine x2  
  72  6:06  SCV  
  72  6:08  SCV  
  75  6:13  Barracks  
  75  6:14  Barracks  
  75  6:18  SCV  
  76  6:20  Supply Depot, SCV  
  76  6:22  Marauder x2  
  76  6:24  Marine x2  
  82  6:27  Medivac  
  82  6:30  Orbital Command  
  82  6:31  Missile Turret  
  84  6:33  SCV  
  84  6:35  Medivac  
  84  6:36  SCV  
  84  6:38  Widow Mine x2  
  92  6:42  Marine  
  92  6:45  Marauder x2, SCV  
  96  6:48  SCV  
  96  6:51  Marine  
  95  6:57  SCV x2  
  95  6:59  Marine  
  95  7:00  SCV  
  99  7:03  Medivac  
  101  7:11  Supply Depot  
  101  7:15  Barracks Tech Lab, Barracks Reactor, Medivac, SCV x3, Marauder  
  108  7:17  Supply Depot  
  108  7:20  Supply Depot  
  108  7:26  Supply Depot  
  108  7:27  SCV  
  108  7:28  Concussive Shells  
  109  7:30  Combat Shield  
  109  7:32  Marine  
  109  7:33  SCV x2  
  115  7:38  Supply Depot  
  115  7:39  SCV  
  115  7:43  Marauder x3  
  117  7:45  SCV x2  
  117  7:49  Armory, Marine  
  117  7:50  Marine  
  120  7:51  SCV  
  120  7:57  SCV x2  
  123  8:03  SCV  
  123  8:04  Marauder  
  123  8:05  Marauder, Marine  
  127  8:06  Marine  
  127  8:07  Marauder  
  127  8:09  Refinery, SCV x2  
  127  8:10  Ghost Academy, Refinery  
  133  8:15  SCV  
  133  8:18  Marine x2  
  136  8:21  SCV x2  
  136  8:25  Supply Depot  
  136  8:26  Supply Depot, Marine x3, Marauder  
  141  8:28  Marine, SCV  
  141  8:33  SCV x2  
  148  8:34  Widow Mine  
  148  8:36  Missile Turret  
  148  8:40  SCV  
  149  8:41  Widow Mine  
  149  8:46  Medivac x2  
  154  8:50  Marine  
  154  8:51  Marine  
  154  8:54  Enhanced Shockwaves  
  155  8:56  Ghost x3  
  155  8:57  Marine x2  
  162  9:03  Command Center  
  162  9:11  Supply Depot  
  162  9:12  Supply Depot x2  
  158  9:25  Marauder  
  158  9:28  Marauder x2, Marine x2  
  158  9:31  Marine x2  
  146  9:36  Widow Mine x2, Medivac x2  
  152  9:43  Barracks  
  152  9:44  Barracks  
  151  9:45  Barracks, Marine  
  151  9:46  Ghost, Marine  
  151  9:47  Terran Infantry Weapons Level 2  
  151  9:49  Marine x2  
  151  9:50  Marine x2  
  159  10:02  Widow Mine x2  
  159  10:03  Marine x2  
  159  10:06  Marine  
  159  10:07  Marine  
  166  10:08  Marine x2  
  169  10:18  SCV x3  
  169  10:20  Ghost  
  174  10:24  Marine x2  
  174  10:26  Marauder, Marine x2  
  174  10:27  Marauder  
  182  10:32  Barracks Tech Lab, Barracks Reactor  
  182  10:33  Barracks Tech Lab  
  176  10:42  Marine x2  
  178  10:44  Marine x2  
  178  10:47  Ghost  
  178  10:48  Marauder  
  178  10:49  Ghost  
  184  10:51  Widow Mine x2, Medivac  
  172  10:57  Marine  
  172  11:00  Marine x2  
  172  11:02  Marine x2  
  172  11:03  Marine  
  152  11:09  Marauder  
  146  11:12  Marine  
  146  11:13  Planetary Fortress  
  146  11:14  SCV  
  146  11:15  Marine  
  146  11:17  Marauder  
  146  11:18  Marauder, Marine x2  
  146  11:20  Marine x2  
  146  11:21  Marauder, Marine  
  145  11:30  Marine  
  145  11:31  Marauder  
  145  11:32  Medivac  
  150  11:33  Marauder  
  150  11:35  Marine x2  
  150  11:38  Marauder  
  158  11:40  Marauder  
  158  11:42  Marauder, Marine x3  
  160  11:49  Starport  
  160  11:52  Marine  
  160  11:53  Marine x2  
Tags
 
Add a new tag
Caveats
  • Supply blocks, unpowered buildings, or Contaminate may cause inaccurate times.
  • Supply counts are checked every 10 seconds.